AoeStats
← majd.lukili

Arabia

510296659Analyzed
1v1 RM · 1d ago on Sep 30, 2026· 29m 41s· 2 players
Game mode
Random Map
Map size
Tiny (2 player)
Population
200
Speed
Normal
Resources
Standard
Victory
Conquest
Starting age
Dark Age
Ending age
Imperial Age
RankedLock teamsTeams togetherTeam positionsShared explorationLock speedFull tech treeHidden civsTurbo modeCheats
Victory
Defeat
🇹🇷 Teutons · Türkiye
1163
+14
🇲🇦 Varangians · Morocco
1129
-14
majd.lukili
6:19 Loom
9:19 Feudal Age
9:47 Double-Bit Axe
10:51 Horse Collar
25:44 Castle Age
26:25 Wheelbarrow
27:44 Town Watch
29:00 Fletching
utq
7:30 Loom
9:30 Feudal Age
12:05 Double-Bit Axe
13:54 Fletching
18:49 Horse Collar
24:41 Castle Age
24:37 Wheelbarrow
23:57 Gold Mining
24:49 Scale Barding Armor
24:56 Forging
30:27 Bow Saw
Connection lost

Rejoining the realm…

Still unreachable

The connection could not be restored.

Session expired

The server has moved on; the page needs a fresh start.